 Dungeon Crawl Stone Soup version 0.23.2-1-ga50397a6bc (webtiles) character file.

Game seed: 10009888042347357978

134 Lennu the Conjurer (level 4, -1/35 HPs)
             Began as a Draconian Conjurer on Apr 25, 2019.
             Killed from afar by an orc wizard (9 damage)
             ... with a magic dart
             ... on level 3 of the Dungeon.
             The game lasted 00:10:40 (3671 turns).

Lennu the Conjurer (Draconian Conjurer)             Turns: 3671, Time: 00:10:41

Health: -1/35      AC:  6    Str: 14    XL:     4   Next: 95%
Magic:  0/8        EV: 12    Int: 16    God:
Gold:   27         SH:  0    Dex: 11    Spells: 7/8 levels left

rFire    . . .     SeeInvis .   (no weapon)
rCold    . . .     Gourm    .   (no shield)
rNeg     . . .     Faith    .   (armour unavailable)
rPois    .         Spirit   .   (helmet restricted)
rElec    .         Reflect  .   (no cloak)
rCorr    .         Harm     .   a - +0 pair of gloves
MR       .....                  (no boots)
Stlth    ++........             g - amulet of the acrobat
HPRegen  0.11/turn              p - +3 ring of strength
MPRegen  0.11/turn              (no ring)

@: no status effects
A: unfitting armour, cold-blooded, AC +5
a: no special abilities


You were on level 3 of the Dungeon.
You were hungry.

You visited 1 branch of the dungeon, and saw 3 of its levels.

You collected 27 gold pieces.

Inventory:

Armour
 a - a +0 pair of gloves (worn)
Jewellery
 g - an amulet of the acrobat (around neck)
 p - a +3 ring of strength (left hand)
Scrolls
 c - a scroll of remove curse {unknown}
 e - a scroll of fog {unknown}
 i - 2 scrolls of teleportation {unknown}
 j - a scroll of amnesia {unknown}
Potions
 d - 2 potions of brilliance {unknown}
 f - a potion of agility {unknown}
 h - a potion of invisibility {unknown}
 k - a potion of ambrosia {unknown}
 l - 2 potions of degeneration {unknown}
 m - a potion of mutation {unknown}
 n - a potion of lignification {unknown}
Comestibles
 b - 3 rations
 o - 3 chunks of flesh


   Skills:
 * Level 1.4 Fighting
 * Level 2.7 Dodging
 - Level 1.8 Stealth
 * Level 2.8 Spellcasting
 * Level 5.0 Conjurations


You had 7 spell levels left.
You knew the following spells:

 Your Spells              Type           Power        Failure   Level  Hunger
a - Magic Dart            Conj           ###.         2%          1    #......

Your spell library contained the following spells:

 Spells                   Type           Power        Failure   Level  Hunger
 Searing Ray              Conj           ###...       3%          2    ##.....
 Dazzling Spray           Conj/Hex       ##....       21%         3    ###....
 Iskenderun's Mystic Bla  Conj           ###.....     24%         4    #####..
 Force Lance              Conj/Tloc      ##......     54%         4    #####..
 Fulminant Prism          Conj/Hex       ##........   54%         4    #####..


Dungeon Overview and Level Annotations

Branches:
Dungeon (3/15)

Altars:


Innate Abilities, Weirdness & Mutations

Your plain brown scales are hard. (AC +5)
You cannot fit into any form of body armour.
You are cold-blooded and may be slowed by cold attacks.


Message History

The orc wizard hits you but does no damage. x2
Casting: Magic Dart (safe; 2% risk of failure)
Confirm with . or Enter, or press ? or * to list all spells.
Aiming: Magic Dart (safe; 2% risk of failure)
Press: ? - help, Shift-Dir - straight line, f/p - orc wizard
Aim: an orc wizard, wielding a +0 dagger and wearing a +0 robe (moderately wounded, fast)
The magic dart hits the orc wizard.
The orc wizard is moderately wounded.
The orc wizard hits you with a +0 dagger.
* * * LOW HITPOINT WARNING * * *
Casting: Magic Dart (safe; 2% risk of failure)
Confirm with . or Enter, or press ? or * to list all spells.
Aiming: Magic Dart (safe; 2% risk of failure)
Press: ? - help, Shift-Dir - straight line, f/p - orc wizard
Aim: an orc wizard, wielding a +0 dagger and wearing a +0 robe (moderately wounded, fast)
The magic dart hits the orc wizard.
The orc wizard is heavily wounded.
The orc wizard casts a spell at you. The magic dart hits you!
You die...

#######
#.....#
#.....#
#.....#
#...@.# #
#..)o.# .# #.
#####.# ##.
... #.# .o ).
#.# .#)#
#.#####...#.##
#...o.o.......
########.#....
# #


You could see an orc wizard.

Vanquished Creatures
  Robin (D:2)
  An adder (D:2)
  5 worms (D:2)
  4 dart slugs
  3 leopard geckos
  3 orcs (D:3)
  2 ball pythons (D:1)
  8 bats
  4 giant cockroaches
  12 goblins
  11 hobgoblins
  7 jackals (D:1)
  A quokka (D:3)
  3 frilled lizards
  8 kobolds
  9 rats
82 creatures vanquished.

Notes
Turn   | Place    | Note
-------+----------+-------------------------------------------
     0 | D:1      | Lennu the Draconian Conjurer began the quest for the Orb.
     0 | D:1      | Reached XP level 1. HP: 14/14 MP: 3/3
   374 | D:1      | Reached XP level 2. HP: 20/20 MP: 0/5
   936 | D:1      | Reached XP level 3. HP: 16/27 MP: 1/6
  1912 | D:2      | Reached skill level 1 in Fighting
  2028 | D:2      | Noticed Robin
  2152 | D:2      | Killed Robin
  2152 | D:2      | Reached XP level 4. HP: 35/35 MP: 1/7
  2988 | D:2      | Reached skill level 5 in Conjurations
  3367 | D:2      | Found a faded altar of an unknown god.
  3671 | D:3      | Killed from afar by an orc wizard

Skill      XL: |  1  2  3  4 |
---------------+-------------+-----
Dodging        | 2 |  2.7
Fighting       | 1 |  1.4
Conjurations   | 5 |  5.0
Stealth        | |  1.8
Spellcasting   | |  2.8

Action                   |  1- 3 |  4- 6 || total
-------------------------+-------+-------++-------
Melee: Unarmed           |   149 |    31 ||   180
       Tailslap          |    14 |     2 ||    16
 Cast: Magic Dart        |    86 |    90 ||   176
 Stab: Sleeping          |     3 |       ||     3
  Eat: Chunk             |     5 |     5 ||    10
Armor: Skin              |    55 |    13 ||    68
Dodge: Dodged            |   124 |    43 ||   167
